 Dungeon Sprint DCSS version 0.21-a0-225-g207ae17 (webtiles) character file.

24 Kidiri the Magician (level 2, -1/15 HPs)
             Began as a Deep Elf Fire Elementalist on Aug 28, 2017.
             Slain by a water elemental (10 damage)
             ... in the Dungeon (Sprint III: "The Ten Rune Challenge").
             The game lasted 00:02:36 (299 turns).

Kidiri the Magician (Deep Elf Fire Elementalist)     Turns: 299, Time: 00:02:37

Health: -1/15      AC:  2    Str:  5    XL:     2   Next: 79%
Magic:  8/11       EV: 13    Int: 17    God:
Gold:   27         SH:  0    Dex: 17    Spells: 10/13 levels left

rFire    . . .     SeeInvis .   (no weapon)
rCold    . . .     Gourm    .   (no shield)
rNeg     . . .     Faith    .   a - +0 robe
rPois    .         Spirit   .   (no helmet)
rElec    .         Reflect  .   (no cloak)
rCorr    .         Harm     .   (no gloves)
MR       .....     NoTele   +   (no boots)
Stlth    ++........             (no amulet)
HPRegen  0.05/turn              (no ring)
MPRegen  0.12/turn              (no ring)

@: no status effects
A: agile 1, blink, dopey 1, evolution 1
a: Blink


You were in the Dungeon.
You were not hungry.

You visited 1 branch You collected 27 gold pieces.

Inventory:

Missiles
 k - 3 javelins (quivered)
Armour
 a - a +0 robe (worn)
Scrolls
 i - a scroll of blinking
 m - 3 scrolls of holy word
 n - a scroll of identify
 o - a scroll of remove curse
Potions
 d - a potion of curing
 e - 2 potions of heal wounds
 f - a potion of haste
 g - 2 potions of magic
 h - a potion of berserk rage
 l - 2 potions of mutation
 q - a potion of might
Books
 b - a book of Flames

   Spells                             Type                      Level
   a - Flame Tongue                   Conjuration/Fire             1
   b - Throw Flame                    Conjuration/Fire             2
   c - Conjure Flame                  Conjuration/Fire             3
   d - Inner Flame                    Hexes/Fire                   3
   e - Sticky Flame                   Conjuration/Fire             4
   f - Fireball                       Conjuration/Fire             5
Comestibles
 c - a bread ration
 p - a royal jelly
 r - a meat ration


   Skills:
 - Level 2.4 Dodging
 - Level 2.4 Stealth
 * Level 6.1 Spellcasting
 + Level 3.1 Conjurations
 + Level 4.4 Fire Magic


You had 10 spell levels left.
You knew the following spells:

 Your Spells              Type           Power        Failure   Level  Hunger
a - Flame Tongue          Conj/Fire      ###..        2%          1    None
b - Throw Flame           Conj/Fire      ###...       4%          2    None


Dungeon Overview and Level Annotations

Branches:
Dungeon (1/1)

Altars:


Innate Abilities, Weirdness & Mutations

You are agile. (Dex +2)
You can translocate small distances at will.
You are dopey. (Int -2)
You evolve.


Message History

You gasp with relief as air once again reaches your lungs.
Casting: Flame Tongue
Confirm with . or Enter, or press ? or * to list all spells.
Aiming: Flame Tongue
Press: ? - help, Shift-Dir - straight line, f/p - water elemental
Aim: a water elemental (lightly damaged)
The flame tongue hits the water elemental.
The water elemental is burned terribly!
The water elemental is moderately damaged.
The water elemental closely misses you.
Casting: Flame Tongue
Confirm with . or Enter, or press ? or * to list all spells.
Aiming: Flame Tongue
Press: ? - help, Shift-Dir - straight line, f/p - water elemental
Aim: a water elemental (moderately damaged)
The flame tongue hits the water elemental.
The water elemental is moderately damaged.
The water elemental hits you!
Ouch! That really hurt!
You die...

▓▓▓▓▓▓▓▓▓▓▓▓▓ ▓▓▓
▓<.#..+.....♣♣ ♣.#
▓..#..#....♣.♣ ♣.#
▓#'####.....♣♣ ♣♣.#
▓.....#....≈.♣♣♣..###+#+#
▓....÷#...≈≈♣♣.♣♣.#......
▓.....#..≈≈≈≈..♣♣.'.⌠....
▓####+#..≈≈≈≈≈≈.♣E#...###
▓.....#.≈≈≈≈≈≈..@.# ⌠.#
▓.....#.≈≈≈≈≈.....# .#
▓.....#.≈≈≈.......# #
▓'#####...........#
▓.................#
▓▓▓▓▓▓▓▓▓▓▓▓▓▓▓▓▓▓▓


You could see a water elemental.

Vanquished Creatures
  A human (D)
  A phantom (D)
  4 rats (D)
6 creatures vanquished.

Vanquished Creatures (others)
  2 draconian scorchers (D)
  6 hellions (D)
  A yaktaur (D)
9 creatures vanquished.

Grand Total: 15 creatures vanquished

Notes
Turn   | Place    | Note
-------+----------+-------------------------------------------
     0 | D        | Kidiri the Deep Elf Fire Elementalist began the quest for the Orb.
     0 | D        | Reached XP level 1. HP: 10/10 MP: 6/6
    37 | D        | Reached skill level 4 in Spellcasting
    84 | D        | Killed a hellion
   108 | D        | Killed a hellion
   109 | D        | Killed a hellion
   109 | D        | Killed a hellion
   117 | D        | Killed a hellion
   120 | D        | Killed a yaktaur
   152 | D        | Gained mutation: You tend to lose your temper in combat. [potion of mutation]
   152 | D        | Gained mutation: You are partially covered in rugged brown scales. (AC +1, +3% HP) [potion of mutation]
   152 | D        | Gained mutation: You are weak. (Str -2) [potion of mutation]
   152 | D        | Gained mutation: You have a pair of small horns on your head. [potion of mutation]
   153 | D        | Lost mutation: You are partially covered in rugged brown scales. (AC +1, +3% HP) [potion of mutation]
   153 | D        | Lost mutation: You are weak. (Str -2) [potion of mutation]
   153 | D        | Lost mutation: You tend to lose your temper in combat. [potion of mutation]
   153 | D        | Gained mutation: Your magical capacity is low. (-10% MP) [potion of mutation]
   153 | D        | Gained mutation: Your body sometimes deteriorates upon taking damage. [potion of mutation]
   153 | D        | Gained mutation: Your mind is acute. (Int +2) [potion of mutation]
   154 | D        | Lost mutation: Your body sometimes deteriorates upon taking damage. [potion of mutation]
   154 | D        | Lost mutation: You have a pair of small horns on your head. [potion of mutation]
   154 | D        | Lost mutation: Your magical capacity is low. (-10% MP) [potion of mutation]
   154 | D        | Lost mutation: Your mind is acute. (Int +2) [potion of mutation]
   154 | D        | Gained mutation: You evolve. [potion of mutation]
   154 | D        | Gained mutation: You are dopey. (Int -2) [potion of mutation]
   154 | D        | Gained mutation: You are agile. (Dex +2) [potion of mutation]
   154 | D        | Gained mutation: You can translocate small distances at will. [potion of mutation]
   158 | D        | Killed a hellion
   179 | D        | Reached skill level 6 in Spellcasting
   179 | D        | Reached XP level 2. HP: 15/15 MP: 1/11
   183 | D        | Learned a level 2 spell: Throw Flame
   207 | D        | Killed a white draconian scorcher
   209 | D        | Killed a white draconian scorcher
   293 | D        | Noticed a water elemental
   299 | D        | Slain by a water elemental

Vault maps used:
D:        dungeon_sprint_mu

Skill      XL: |  1 |
---------------+----+-----
Spellcasting   | 6 |  6.1
Conjurations   | 3 |  3.1
Fire Magic     | 4 |  4.4
Dodging        | |  2.4
Stealth        | |  2.4

Action                   || total
-------------------------++-------
Throw: Javelin           ||     4
 Cast: Flame Tongue      ||    15
  Use: Potion            ||     4
       Scroll            ||     3
Dodge: Dodged            ||     4

Table legend:
 A = Spawn XP
 B = Non-spawn XP
 C = Spawn XP percentage of total XP
 D = Spawn monster count
 E = Non-spawn monster count
 F = Spawn count percentage of total count
 G = Total turns spent on level
                    A         B        C        D         E        F      G
               +---------+---------+-------+---------+---------+-------+---------
         Total |       0 |      35 |   0.0 |       0 |       6 |   0.0 |   299
               +---------+---------+-------+---------+---------+-------+---------
             D |       0 |      35 |   0.0 |       0 |       6 |   0.0 |   299
               +---------+---------+-------+---------+---------+-------+---------
